 Dungeon Crawl Stone Soup version 0.23.2-30-g0e89c35649 (webtiles) character file.

Game seed: 2102915213025877089

353566 scglazed the Brawler (level 22, -5/121 HPs)
             Began as a Vine Stalker Hunter on June 13, 2019.
             Was a Believer of Uskayaw.
             Killed from afar by a shadow dragon (47 damage)
             ... with a bolt of negative energy
             ... on level 1 of the Depths on June 15, 2019.
             The game lasted 02:27:16 (40675 turns).

scglazed the Brawler (Vine Stalker Hunter)         Turns: 40675, Time: 02:27:17

Health: -5/121     AC: 26    Str: 27    XL:     22   Next: 28%
Magic:  0/28       EV:  7    Int: 13    God:    Uskayaw [**....]
Gold:   3170       SH: 20    Dex: 20    Spells: 16/21 levels left

rFire    + . .     SeeInvis .     - Unarmed
rCold    + . .     Gourm    .   m - +3 shield {AC+3}
rNeg     . . .     Faith    .   L - +3 plate armour {rC+}
rPois    +         Spirit   +   a - +2 helmet
rElec    .         Reflect  +   k - +0 cloak
rCorr    .         Harm     .   g - +0 pair of fencer's gloves {Riposte Dex+3}
MR       +++..                  u - +0 pair of boots
Stlth    ..........             W - +3 amulet of reflection
HPRegen  1.10/turn              z - ring of Ufimuppi {+Fly rF+ MR+ Stlth-}
MPRegen  0.21/turn              C - +4 ring of strength

@: flayed, heavily drained
A: fangs 3, hooves 1, clever 1, poison resistance, regeneration 2, magic shield,
antimagic bite, no potion heal 3, rot immunity
}: 2/15 runes: barnacled, gossamer
a: Stomp, Line Pass, Renounce Religion, Evoke Flight


You were on level 1 of the Depths.
You worshipped Uskayaw.
Uskayaw was noncommittal.
You were not hungry.

You visited 8 branches of the dungeon, and saw 37 of its levels.
You visited the Abyss 1 time.
You also visited: Ice Cave.

You collected 3783 gold pieces.
You spent 613 gold pieces at shops.

Inventory:

Hand Weapons
 j - the +8 autumn katana {slice, Clar}
   (You found it on level 1 of the Vaults)

   It inflicts extra damage upon your enemies.
   It protects you against confusion.
 P - a +4 demon trident of flaming
Missiles
 q - 74 tomahawks (quivered)
 v - 6 throwing nets
 V - 11 silver javelins
Armour
 a - a +2 helmet (worn)
 g - the +0 pair of fencer's gloves (worn) {Riposte Dex+3}
   (You found it on level 1 of the Orcish Mines)

   It affects your dexterity (+3).
 k - a +0 cloak (worn)
 m - a +3 shield of protection (worn)
 u - a +0 pair of boots (worn)
 L - a +3 plate armour of cold resistance (worn)
 T - +2 storm dragon scales {Bai Suzhen}
 Z - the +2 chain mail of the Falcon {Slay+5}
   (You found it on level 13 of the Dungeon)

   It affects your accuracy and damage with ranged weapons and melee attacks
   (+5).
Jewellery
 t - a +3 ring of evasion
 x - the ring "Xoriogg" {rPois Int+4 SInv}
   (You found it on level 1 of the Vaults)

   [ring of see invisible]

   It affects your intelligence (+4).
   It protects you from poison.
   It lets you see invisible.
 z - the ring of Ufimuppi (left hand) {+Fly rF+ MR+ Stlth-}
   (You bought it in a shop on level 3 of the Vaults)

   [ring of protection from fire]

   It protects you from fire.
   It affects your resistance to hostile enchantments.
   It lets you fly.
   It makes you less stealthy.
 C - a +4 ring of strength (right hand)
 F - an uncursed ring of resist corrosion
 W - a +3 amulet of reflection (around neck)
 X - an uncursed ring of protection from fire
Wands
 b - a wand of random effects (25)
 l - a wand of flame (35)
 r - a wand of digging (11)
 s - a wand of enslavement (22)
 E - a wand of iceblast (27)
 I - a wand of acid (35)
 S - a wand of paralysis (28)
Scrolls
 i - 3 scrolls of magic mapping
 n - 4 scrolls of teleportation
 w - a scroll of blinking
 y - 14 scrolls of remove curse
 G - a scroll of enchant armour
 K - 2 scrolls of fog
 M - 7 scrolls of amnesia
 N - 5 scrolls of fear
 Q - 3 scrolls of identify
Potions
 e - 6 potions of brilliance
 h - 2 potions of flight
 o - 16 potions of curing
 p - 4 potions of magic
 A - 2 potions of invisibility
 B - a potion of ambrosia
 H - 2 potions of haste
 J - a potion of might
 O - 3 potions of cancellation
 R - 2 potions of agility
 U - 6 potions of mutation
Miscellaneous
 c - a lamp of fire
 D - a phantom mirror
Comestibles
 f - 67 rations
 Y - 4 chunks of flesh


   Skills:
 + Level 14.6(11.2) Fighting
 * Level 13.1(9.8) Throwing
 - Level 11.0(7.8) Armour
 - Level 3.0(0.5) Dodging
 - Level 8.3(5.4) Stealth
 - Level 15.0(11.5) Shields
 * Level 20.7(16.9) Unarmed Combat
 - Level 6.0(3.2) Necromancy
 + Level 6.0(3.3) Translocations
 + Level 6.9(4.1) Invocations
 + Level 7.6(4.7) Evocations


You had 16 spell levels left.
You knew the following spells:

 Your Spells              Type           Power        Failure   Level  Hunger
b - Blink                 Tloc           N/A          88%         2    ###....
c - Confusing Touch       Hex            #.....       99%         1    ##.....
d - Apportation           Tloc           #.....       77%         1    ##.....
z - Animate Skeleton      Necr           N/A          77%         1    ##.....

Your spell library contained the following spells:

 Spells                   Type           Power        Failure   Level  Hunger
 Corpse Rot               Necr           N/A          88%         2    ###....
 Sublimation of Blood     Necr           #.........   88%         2    ###....
 Shroud of Golubria       Chrm/Tloc      #.........   98%         2    ###....
 Gell's Gravitas          Tloc           #.........   98%         3    ####...
 Lesser Beckoning         Tloc           #.........   98%         3    ####...
 Teleport Other           Tloc           #.......     98%         3    ####...
 Flame Tongue             Conj/Fire      #....        99%         1    ##.....
 Sandblast                Erth           #.....       99%         1    ##.....
 Shock                    Conj/Air       #...         99%         1    ##.....
 Summon Butterflies       Summ           #.......     99%         1    ##.....
 Summon Small Mammal      Summ           #...         99%         1    ##.....
 Passwall                 Tmut/Erth      #.......     100%        2    ###....
 Poisonous Vapours        Pois/Air       #.....       100%        2    ###....
 Swiftness                Chrm/Air       #.......     100%        2    ###....
 Throw Flame              Conj/Fire      #.....       100%        2    ###....
 Conjure Flame            Conj/Fire      #.......     100%        3    ####...
 Inner Flame              Hex/Fire       #.......     100%        3    ####...
 Mephitic Cloud           Conj/Pois/Air  #.......     100%        3    ####...
 Recall                   Summ/Tloc      N/A          100%        3    ####...
 Static Discharge         Conj/Air       #.......     100%        3    ####...
 Stone Arrow              Conj/Erth      #.....       100%        3    ####...
 Tukima's Dance           Hex            #.......     100%        3    ####...
 Airstrike                Air            #.........   100%        4    #####..
 Ice Form                 Ice/Tmut       #.......     100%        4    #####..
 Passage of Golubria      Tloc           N/A          100%        4    #####..
 Petrify                  Tmut/Erth      #.......     100%        4    #####..
 Sticky Flame             Conj/Fire      #.......     100%        4    #####..
 Agony                    Necr           #.......     100%        5    ######.
 Alistair's Intoxication  Tmut/Pois      #.......     100%        5    ######.
 Aura of Abjuration       Summ           #.........   100%        5    ######.
 Bolt of Draining         Conj/Necr      #.........   100%        5    ######.
 Dispel Undead            Necr           #.......     100%        5    ######.
 Excruciating Wounds      Chrm/Necr      #.........   100%        5    ######.
 Fireball                 Conj/Fire      #.........   100%        5    ######.
 Lee's Rapid Deconstruct  Erth           #.........   100%        5    ######.
 Lightning Bolt           Conj/Air       #.........   100%        5    ######.
 Metabolic Englaciation   Hex/Ice        #.........   100%        5    ######.
 Summon Demon             Summ           #.........   100%        5    ######.
 Summon Forest            Summ/Tloc      #.........   100%        5    ######.
 Summon Mana Viper        Hex/Summ       #.......     100%        5    ######.
 Bolt of Cold             Conj/Ice       #.........   100%        6    #######
 Freezing Cloud           Conj/Ice/Air   #.........   100%        6    #######
 Invisibility             Hex            #.......     100%        6    #######
 Ozocubu's Refrigeration  Ice            #.........   100%        6    #######
 Shadow Creatures         Summ           N/A          100%        6    #######
 Simulacrum               Ice/Necr       #.........   100%        6    #######
 Ring of Flames           Chrm/Fire      #.........   100%        7    #######
 Ignition                 Fire           #.........   100%        8    #######
 Shatter                  Erth           #.........   100%        9    #######
 Tornado                  Air            #.........   100%        9    #######


Dungeon Overview and Level Annotations

Branches:
Dungeon (15/15)            Temple (1/1) D:5            Lair (6/6) D:9
 Shoals (4/4) Lair:3       Spider (4/4) Lair:2        Slime (0/5) Lair:5
    Orc (2/2) D:11            Elf (0/3) Orc:2        Vaults (4/5) D:13
  Crypt (0/3) Vaults:2     Depths (1/5) D:15

Altars:
Ashenzari
Cheibriados
Dithmenos
Elyvilon
Fedhas
Gozag
Hepliaklqana
Kikubaaqudgha
Makhleb
Nemelex Xobeh
Okawaru
Qazlal
Ru
Sif Muna
Trog
Uskayaw
Vehumet
Wu Jian
Xom
Yredelemnul
Zin
The Shining One
Beogh
Jiyva

Shops:
D:8 (   D:9 !   D:10 *   Orc:2 (:%%   Vaults:3 =

Portals:
Hell: Depths:1
Abyss: Depths:1
Pandemonium: Orc:2

Annotations:
D:10 exclusion: obsidian statue
D:12 4 runed translucent doors
Lair:6 exclusion: oklob plant
Shoals:1 1 runed translucent door
Orc:1 , 1 runed translucent door, OwlQaeda's ghost, journeyman VSFi


Innate Abilities, Weirdness & Mutations

You have razor-sharp teeth.
You heal very quickly.
When hurt, damage is shared between your health and your magic reserves.
Your bite disrupts and absorbs the magic of your enemies.
Potions cannot restore your health.
You are immune to rotting.
You have large cloven feet.
Your mind is acute. (Int +2)
Your system is resistant to poisons. (rPois)


Message History

The wraith is severely damaged.
A flayed ghost comes into view.
You block the wraith's attack.
You closely miss the wraith. You bite the wraith, but do no damage.
The wraith is severely damaged.
The shadow dragon breathes negative energy at you.
The bolt of negative energy hits you!!
You feel drained.
The bolt of negative energy hits the wraith.
The wraith completely resists.
You block the shadow dragon's attack. x2
The shadow dragon claws you but does no damage.
The wraith closely misses you.
You punch the wraith! You bite the wraith.
You destroy the wraith!
The flayed ghost cries, "Feel what I felt!"
Terrible wounds open up all over your body!
You block the shadow dragon's attack. The shadow dragon barely misses you.
The shadow dragon claws you.
The shadow dragon breathes negative energy at you.
The bolt of negative energy hits you!!!
You feel drained.
You die...

≈≈≈≈......###.......#
#.# #
§≈§.........#.......#
#.# ##
§≈..................#
#.#####.
§§.(...#..).........#
#(..V...
.....#.#............#
##k#####
...##..##....#'######
#.# #####.########..#
#V# #####.# ##.###
#.# ......# #W@D# #k#
......### ###D#
##'##### ........#
{e# #......#
......#..#


uW# #......# ).....##..# zz# #......# ......# #..+ WZ# #......# ......# ### Wp#
#......# ......# D.+ ######## ......# You could see 3 shadow dragons, a deep elf
death mage, a red ugly thing, 2 skeletal warriors, 2 flayed ghosts, a
necromancer, 2 wraiths and a spriggan defender zombie.

Vanquished Creatures
  Bai Suzhen (Spider:4)
  Arachne (Spider:4)
  A bone dragon (Vaults:2)
  3 sphinxes
  Kirke (Lair:4)
  Donald (Lair:2)
  Aizul (Spider:4)
  2 deep elf sorcerers
  11 ghost moths
  7 vault wardens
  5 emperor scorpions
  An orc warlord (Vaults:4)
  4 frost giants
  13 ironheart preservers
  A ghoul (Vaults:3)
  8 stone giants
  11 very ugly things (Depths:1)
  A vampire knight (D:13)
  6 entropy weavers
  A reaper (IceCv)
  A deep elf annihilator (Vaults:4)
  3 merfolk javelineers
  6 spark wasps
  An ettin (Depths:1)
  Snorg (Orc:2)
  9 merfolk impalers
  2 fire dragons
  A crystal guardian (Vaults:4)
  7 yaktaur captains
  Harold (D:7)
  10 ogre magi
  3 great orbs of eyes
  4 merfolk aquamancers
  2 rakshasas
  3 merfolk avatars
  9 vault guards
  6 ice dragons
  An alligator snapping turtle (Shoals:3)
  6 hydras
  Erica (D:11)
  9 centaur warriors
  A death yak (Lair:3)
  An alligator (Shoals:2)
  3 catoblepae
  A deep troll earth mage (Vaults:4)
  A vampire mage (D:13)
  30 two-headed ogres
  A death knight (Vaults:3)
  2 satyrs
  3 deep elf knights
  A tengu warrior (Depths:1)
  10 orc high priests
  A shock serpent (shapeshifter) (Depths:1)
  30 slime creatures
  A shadow wraith (Vaults:4)
  Nergalle (D:11)
  A fire crab (shapeshifter) (Vaults:4)
  2 sixfirhies (Orc:2)
  2 flayed ghosts (Vaults:4)
  3 glowing orange brains
  7 deep trolls
  7 deep elf archers
  2 infernal demonspawn (Orc:2)
  3 unseen horrors
  A kraken simulacrum (Shoals:4)
  2 gelid demonspawn (Orc:2)
  11 sea snakes
  17 ironbrand convokers
  A phantasmal warrior (Vaults:3)
  22 orc knights
  4 necromancers
  6 wizards
  29 harpies
  20 orb spiders
  A stone giant zombie (Vaults:1)
  35 wolf spiders
  18 ugly things
  13 deep elf magi
  A sphinx skeleton (Vaults:1)
  5 orc sorcerers (Orc:2)
  21 fauns
  15 manticores
  6 cyclopes
  9 elephants
  6 black mambas
  9 merfolk sirens
  3 human skeletons
  11 vault sentinels
  5 torpor snails
  5 water nymphs
  A smoke demon (Depths:1)
  2 ice statues (IceCv)
  10 spiny frogs
  A gargoyle (D:14)
  A rime drake (shapeshifter) (Vaults:1)
  3 centaur skeletons
  4 rime drakes
  3 freezing wraiths
  4 komodo dragons
  16 yaktaurs
  A red devil (Depths:1)
  11 demonic crawlers
  8 ice devils
  A tengu conjurer (D:14)
  37 merfolk
  A meliai (shapeshifter) (Vaults:2)
  4 hellwings (Depths:1)
  44 jumping spiders
  A merfolk (shapeshifter) (Vaults:2)
  9 trolls
  A troll (shapeshifter) (Vaults:1)
  7 polar bears (Lair:6)
  A slime creature (shapeshifter) (Vaults:3)
  4 wind drakes
  An ice dragon zombie (Vaults:1)
  15 hornets
  21 blink frogs
  4 dream sheep
  3 centaur simulacra (D:12)
  18 hippogriffs
  10 snapping turtles
  17 flying skulls (D:13)
  A shadow (D:15)
  25 tarantellas
  3 wraiths
  4 wyverns
  63 redbacks
  42 yaks
  9 vampires
  A ynoxinul (Orc:2)
  14 spriggans
  7 water elementals
  5 hogs (Lair:4)
  11 basilisks
  3 steam dragons
  9 wargs
  3 vampire mosquitoes (D:12)
  3 acid dragons
  6 hell hounds (Depths:1)
  A soldier ant (D:14)
  17 water moccasins
  23 porcupines
  2 sky beasts
  2 elephant zombies (Lair:3)
  4 black bears
  A hornet zombie (D:15)
  A black bear (shapeshifter) (D:14)
  64 orc warriors
  11 ice beasts
  2 elf zombies
  34 ogres
  An eye of draining (D:10)
  23 wolves
  A phantom (D:11)
  7 boggarts
  5 centaurs
  14 crocodiles
  5 big kobolds
  2 wyvern zombies
  19 bullfrogs
  2 glowing shapeshifter simulacra
  2 water moccasin zombies (D:6)
  A wyvern skeleton (D:6)
  A human simulacrum (Vaults:1)
  A scorpion (D:8)
  13 killer bees
  6 wights
  2 vampire bats (D:3)
  7 howler monkeys
  4 electric eels
  10 crimson imps
  A wyvern simulacrum (D:12)
  2 quasits
  A bullfrog zombie (D:5)
  6 centaur zombies
  2 jellies
  38 orc priests
  A yaktaur simulacrum (Vaults:1)
  4 hounds
  9 human zombies
  6 bullfrog skeletons
  Jessica (D:2)
  Terence (D:2)
  Natasha (thrice) (D:2)
  25 orc wizards
  17 worker ants
  2 hell rats (D:13)
  A bullfrog simulacrum (D:12)
  2 crocodile zombies (Lair:3)
  A hound skeleton (D:9)
  Robin (D:3)
  A worker ant zombie (D:10)
  14 adders
  3 gnolls (D:4)
  A river rat (D:13)
  4 shadow imps
  7 white imps
  9 ufetubi
  2 oozes (D:2)
  5 worms
  4 leopard geckos
  123 orcs
  5 bat zombies (D:3)
  4 giant cockroaches
  13 goblins
  10 hobgoblins
  24 jackals
  3 quokkas
  2 ball pythons
  13 bats
  2 frilled lizards (D:2)
  33 kobolds
  A quokka skeleton (D:7)
  9 rats
  A tentacle (Shoals:4)
  A withered plant (D:14)
1735 creatures vanquished.

Vanquished Creatures (others)
  A stone giant (Depths:1)
  A merfolk javelineer (Shoals:4)
  2 centaur warriors
  A deep elf archer (Vaults:1)
  A cyclops (D:13)
  2 yaktaurs
  A human (Lair:4)
  A centaur (D:14)
  5 white imps (IceCv)
  6 ufetubi (IceCv)
  A kobold (Vaults:3)
  13 fungi
  9 plants
  7 tentacles (Shoals:4)
51 creatures vanquished.

Grand Total: 1786 creatures vanquished

Notes
Turn   | Place    | Note
-------+----------+-------------------------------------------
     0 | D:1      | scglazed the Vine Stalker Hunter began the quest for the
                  | Orb.
     0 | D:1      | Reached XP level 1. HP: 11/11 MP: 2/2
     6 | D:1      | Noticed a water moccasin
     6 | D:1      | Noticed a lindwurm
     6 | D:1      | Noticed an iguana
     6 | D:1      | Noticed a rime drake
    65 | D:1      | Reached XP level 2. HP: 15/15 MP: 3/3
   126 | D:1      | Reached skill level 1 in Unarmed Combat
   475 | D:1      | Reached XP level 3. HP: 18/19 MP: 4/4
   864 | D:2      | Noticed Terence
   866 | D:2      | Reached skill level 2 in Unarmed Combat
   866 | D:2      | Gained mutation: Your natural rate of healing is unusually
                  | fast. [Vine Stalker growth]
   866 | D:2      | Reached XP level 4. HP: 24/24 MP: 5/5
   882 | D:2      | Killed Terence
   944 | D:2      | Noticed Natasha
   950 | D:2      | Killed Natasha
   950 | D:2      | Reached skill level 3 in Unarmed Combat
   950 | D:2      | Reached XP level 5. HP: 28/28 MP: 6/6
   995 | D:2      | Found a blossoming altar of Fedhas.
  1043 | D:2      | Noticed Jessica
  1058 | D:2      | Killed Jessica
  1265 | D:2      | Noticed Natasha
  1273 | D:2      | Killed Natasha
  1352 | D:2      | Noticed Natasha
  1361 | D:2      | Killed Natasha
  1361 | D:2      | Reached XP level 6. HP: 26/33 MP: 5/7
  1486 | D:2      | Reached skill level 4 in Unarmed Combat
  2082 | D:3      | Found a sparkling altar of Nemelex Xobeh.
  2127 | D:3      | Noticed Robin
  2149 | D:3      | Killed Robin
  2234 | D:3      | Found an ancient bone altar of Kikubaaqudgha.
  2239 | D:3      | Reached skill level 1 in Armour
  2479 | D:3      | Found a hazy altar of Hepliaklqana.
  2479 | D:3      | Found an ornate altar of the Wu Jian Council.
  2512 | D:4      | You fall through a shaft for 2 floors!
  2522 | D:6      | Reached XP level 7. HP: 37/38 MP: 6/8
  2550 | D:6      | Reached skill level 1 in Shields
  2550 | D:6      | Reached skill level 5 in Unarmed Combat
  2898 | D:5      | Entered Level 5 of the Dungeon
  2902 | D:5      | Found a shimmering altar of Xom.
  3038 | D:4      | Gained mutation: You have razor-sharp teeth. [Vine Stalker
                  | growth]
  3038 | D:4      | Reached XP level 8. HP: 37/42 MP: 9/9
  3110 | D:4      | Reached skill level 6 in Unarmed Combat
  3248 | D:4      | Reached skill level 5 in Fighting
  3350 | D:5      | Found a staircase to the Ecumenical Temple.
  3383 | Temple   | Entered the Ecumenical Temple
  3506 | Temple   | Became a worshipper of Uskayaw the Reveler
  3536 | D:5      | Reached * piety under Uskayaw
  3559 | D:5      | Reached ** piety under Uskayaw
  3562 | D:5      | Reached *** piety under Uskayaw
  3564 | D:5      | Reached **** piety under Uskayaw
  3685 | D:5      | Reached skill level 1 in Invocations
  3819 | D:5      | Reached skill level 7 in Unarmed Combat
  4396 | D:6      | Reached XP level 9. HP: 43/47 MP: 11/11
  5082 | D:7      | Reached skill level 8 in Unarmed Combat
  5298 | D:7      | Reached skill level 1 in Evocations
  5298 | D:7      | Reached ***** piety under Uskayaw
  5434 | D:7      | Noticed Harold
  5440 | D:7      | Gained mutation: Your mind is acute. (Int +2) [potion of
                  | mutation]
  5440 | D:7      | Gained mutation: Your system is resistant to poisons.
                  | (rPois) [potion of mutation]
  5440 | D:7      | Gained mutation: You have large cloven feet. [potion of
                  | mutation]
  5554 | D:6      | You fall through a shaft for 2 floors!
  5554 | D:8      | Noticed a hornet
  5567 | D:8      | Killed a hornet
  5647 | D:8      | Reached skill level 9 in Unarmed Combat
  5677 | D:8      | Reached XP level 10. HP: 19/53 MP: 2/13
  5837 | D:8      | Noticed a two-headed ogre
  6087 | D:8      | Found a shimmering altar of Xom.
  6190 | D:8      | Killed a two-headed ogre
  6335 | D:8      | Found a glowing golden altar of the Shining One.
  6365 | D:8      | Found Qied Osa's Antique Weapon Emporium.
  6427 | D:9      | Noticed a two-headed ogre
  6700 | D:9      | Reached skill level 10 in Unarmed Combat
  6700 | D:9      | Reached skill level 5 in Invocations
  6899 | D:7      | Killed Harold
  6899 | D:7      | Reached XP level 11. HP: 41/58 MP: 16/16
  7536 | D:9      | oops
  7538 | D:9      | Killed a two-headed ogre
  7538 | D:9      | Reached skill level 11 in Unarmed Combat
  7898 | D:9      | Found a staircase to the Lair.
  7987 | D:9      | Found Lilor's Distillery.
  7995 | D:9      | Bought a potion of curing for 39 gold pieces
  8128 | D:10     | Entered Level 10 of the Dungeon
  8298 | D:10     | Noticed an obsidian statue
  8419 | D:10     | Found Zeufaryak's Lightly-Used Armoury.
  8626 | D:10     | Reached skill level 5 in Evocations
  9009 | D:11     | Found a frozen archway.
  9025 | IceCv    | Entered an ice cave
  9287 | IceCv    | HP: 2/60 [ice devil (8)]
  9440 | IceCv    | Reached skill level 5 in Stealth
  9657 | IceCv    | Gained mutation: You heal very quickly. [Vine Stalker
                  | growth]
  9657 | IceCv    | Reached XP level 12. HP: 52/65 MP: 13/17
  9676 | IceCv    | Noticed a reaper
  9687 | IceCv    | Killed a reaper
  9687 | IceCv    | Reached skill level 12 in Unarmed Combat
  9699 | IceCv    | Got a brightly glowing shortbow
  9925 | D:11     | Noticed Erica
  9943 | D:11     | Killed Erica
 10068 | D:11     | Noticed a two-headed ogre
 10076 | D:11     | Killed a two-headed ogre
 10190 | D:11     | Found a staircase to the Orcish Mines.
 10244 | D:11     | Identified the +4 shortbow "Vecedim" {flame, -Tele rC+++
                  | Int+4 Dex-3} (You found it in an ice cave)
 10899 | Lair:1   | Entered Level 1 of the Lair of Beasts
 11119 | Lair:1   | Reached ****** piety under Uskayaw
 11324 | Lair:1   | You fall through a shaft!
 11325 | Lair:2   | Noticed a six-headed hydra
 11437 | Lair:2   | Noticed an eight-headed hydra
 11456 | Lair:2   | Noticed a six-headed hydra
 11466 | Lair:2   | Killed a six-headed hydra
 11466 | Lair:2   | Reached skill level 5 in Armour
 11466 | Lair:2   | Reached skill level 13 in Unarmed Combat
 11649 | Lair:2   | Reached XP level 13. HP: 70/70 MP: 18/18
 11677 | Lair:2   | Reached skill level 5 in Throwing
 11880 | Lair:2   | Identified a scroll of acquirement
 11966 | Lair:2   | Found a hole to the Spider Nest.
 12620 | Lair:3   | Found a staircase to the Shoals.
 12908 | Lair:3   | Reached skill level 5 in Shields
 13221 | Lair:3   | Got a shimmering iron amulet
 13236 | Lair:3   | Identified the amulet "Hosum" {RegenMP Int+3} (You found it
                  | on level 3 of the Lair of Beasts)
 13311 | Lair:3   | Learned a level 1 spell: Animate Skeleton
 13314 | Lair:3   | Learned a level 2 spell: Blink
 13316 | Lair:3   | Learned a level 1 spell: Confusing Touch
 13318 | Lair:3   | Learned a level 1 spell: Apportation
 13452 | Lair:4   | Noticed Kirke
 13464 | Lair:4   | Noticed a sphinx
 13467 | Lair:4   | Killed Kirke
 13467 | Lair:4   | Reached skill level 14 in Unarmed Combat
 13558 | Lair:3   | Reached skill level 10 in Fighting
 14348 | Lair:4   | Reached XP level 14. HP: 75/77 MP: 16/19
 14554 | Lair:5   | Found a viscous altar of Jiyva.
 14580 | Lair:5   | Found a staircase to the Slime Pits.
 14613 | Lair:5   | Got a shimmering lajatang
 14614 | Lair:5   | Identified the +5 lajatang "Soriucs" {speed, +Rage rPois
                  | Dex-3 Stlth+} (You found it on level 5 of the Lair of
                  | Beasts)
 14615 | Lair:5   | mannnn
 15317 | Lair:6   | Entered Level 6 of the Lair of Beasts
 15942 | Lair:6   | Reached skill level 15 in Unarmed Combat
 16737 | Spider:1 | Entered Level 1 of the Spider Nest
 16812 | Spider:1 | Noticed Donald
 16932 | Lair:1   | Reached XP level 15. HP: 47/81 MP: 16/20
 17027 | D:11     | Noticed Nergalle
 17044 | D:11     | Killed Nergalle
 17047 | Orc:1    | Entered Level 1 of the Orcish Mines
 17138 | Orc:1    | Found a transporter.
 17159 | Orc:1    | Found the +0 pair of fencer's gloves {Riposte Dex+3}
 17161 | Orc:1    | Found a roughly hewn altar of Beogh.
 17161 | Orc:1    | Found a transporter.
 17224 | Orc:1    | Found a roughly hewn altar of Beogh.
 17234 | Orc:1    | Found a runed translucent door.
 17544 | Orc:1    | Noticed OwlQaeda's ghost (journeyman VSFi)
 17585 | Orc:2    | Entered Level 2 of the Orcish Mines
 17890 | Orc:2    | Noticed Snorg
 18251 | Orc:2    | Found a staircase to the Elven Halls.
 18572 | Orc:2    | Killed Snorg
 18863 | Orc:2    | Found Ywihid's Food Emporium.
 18870 | Orc:2    | Found Foxzol's Food Shoppe.
 19761 | Orc:2    | Found Raonod's Book Boutique.
 19761 | Orc:2    | Found a one-way gate leading to the halls of Pandemonium.
 19761 | Orc:2    | Found Eteumuff's Antique Weapon Shop.
 20250 | Shoals:1 | Entered Level 1 of the Shoals
 20270 | Shoals:1 | Reached skill level 10 in Shields
 20382 | Shoals:1 | Reached skill level 16 in Unarmed Combat
 20776 | Shoals:1 | Found a runed translucent door.
 20836 | Shoals:1 | Reached XP level 16. HP: 88/88 MP: 21/21
 21947 | Lair:2   | Killed Donald
 24553 | Spider:3 | Reached XP level 17. HP: 70/93 MP: 15/22
 24629 | Spider:3 | Reached skill level 17 in Unarmed Combat
 25203 | Spider:3 | Identified the +1 pair of boots of Hedge Wizardry {-Tele
                  | rN+ Str+2 Dex+4} (You found it on level 3 of the Spider
                  | Nest)
 25363 | Spider:4 | Entered Level 4 of the Spider Nest
 25489 | Spider:4 | Noticed Arachne
 25595 | Spider:4 | Noticed Aizul
 25615 | Spider:4 | Killed Aizul
 25830 | Spider:4 | Noticed Bai Suzhen
 25872 | Spider:4 | Killed Bai Suzhen
 26224 | Spider:4 | Paralysed by a hornet for 2 turns
 26345 | Spider:4 | Reached skill level 10 in Throwing
 26430 | Spider:4 | Killed Arachne
 26430 | Spider:4 | Reached XP level 18. HP: 90/98 MP: 22/24
 26649 | Spider:4 | Got a gossamer rune of Zot
 27924 | Shoals:3 | Reached skill level 18 in Unarmed Combat
 28879 | Shoals:3 | Cast into level 2 of the Abyss (merfolk impaler)
 28902 | Shoals:3 | Escaped the Abyss
 29022 | Shoals:4 | Entered Level 4 of the Shoals
 29394 | Shoals:4 | HP: 3/99 [water nymph/the raging water (19)]
 29395 | Shoals:4 | wat
 29906 | Shoals:4 | Got a barnacled rune of Zot
 30169 | Shoals:4 | Reached XP level 19. HP: 101/104 MP: 25/25
 30944 | D:12     | Found a large runed translucent door.
 30945 | D:12     | Found a large runed translucent door.
 30956 | D:12     | Found a large runed translucent door.
 30956 | D:12     | Found a large runed translucent door.
 31886 | D:13     | Found an ancient bone altar of Kikubaaqudgha.
 32129 | D:13     | Identified the +2 chain mail of the Falcon {Slay+5} (You
                  | found it on level 13 of the Dungeon)
 32496 | D:13     | Found a gate to the Vaults.
 32796 | Vaults:1 | Entered Level 1 of the Vaults
 33365 | Vaults:2 | Noticed a bone dragon
 33385 | Vaults:2 | Killed a bone dragon
 33399 | Vaults:2 | Found a staircase to the Crypt.
 33729 | Vaults:2 | Reached skill level 19 in Unarmed Combat
 34598 | Vaults:3 | Reached XP level 20. HP: 109/109 MP: 26/26
 34855 | Vaults:3 | Reached skill level 1 in Necromancy
 35325 | Vaults:3 | Found Wierran's Jewellery Emporium.
 35331 | Vaults:3 | Bought the ring of Ufimuppi {+Fly rF+ MR+ Stlth-} for 574
                  | gold pieces
 35586 | Vaults:1 | Reached skill level 10 in Armour
 35800 | Vaults:1 | Reached skill level 15 in Shields
 35869 | Vaults:1 | Found the +8 autumn katana {slice, Clar}
 35877 | Vaults:1 | Identified the +1 plate armour "Vudur" {rN+ Int+10 Dex-4}
                  | (You found it on level 1 of the Vaults)
 35890 | Vaults:1 | Reached skill level 1 in Translocations
 36004 | Vaults:1 | Got a glittering silver ring
 36039 | Vaults:1 | Identified the ring "Xoriogg" {rPois Int+4 SInv} (You found
                  | it on level 1 of the Vaults)
 37167 | Vaults:4 | Reached XP level 21. HP: 92/115 MP: 27/27
 37185 | Vaults:4 | Found a roughly hewn altar of Beogh.
 37325 | Vaults:4 | Reached skill level 20 in Unarmed Combat
 37442 | Vaults:4 | Reached skill level 5 in Necromancy
 38624 | D:14     | Reached skill level 5 in Translocations
 39172 | D:15     | Entered Level 15 of the Dungeon
 39172 | D:15     | Found a snail-covered altar of Cheibriados.
 39712 | D:15     | Found a staircase to the Depths.
 40011 | Depths:1 | Entered Level 1 of the Depths
 40259 | Depths:1 | Found a gateway to Hell.
 40309 | Depths:1 | Reached XP level 22. HP: 121/121 MP: 28/28
 40361 | Depths:1 | Found a one-way gate to the infinite horrors of the Abyss.
 40666 | Depths:1 | Noticed an ancient lich
 40675 | Depths:1 | Killed from afar by a shadow dragon

Skill      XL: |  1  2  3  4  5  6  7  8  9 10 11 12 13 14 15 16 17 18 19 20 21 22 |
---------------+-------------------------------------------------------------------+-----
Fighting       | 2 3 4 5 6 7 8 9 10 11 12 13 14 | 14.6
Unarmed Combat | 1 2 3 4 5 7 9 10 11 13 14 15 16 17 18 19 20 | 20.7
Armour         | 1 3 5 6 7 8 9 10 11 | 11.0
Shields        | 3 4 6 8 10 11 12 13 14 15 | 15.0
Stealth        | 2 3 5 7 8 |  8.3
Invocations    | 1 3 5 6 |  6.9
Throwing       | 4 6 7 8 9 10 11 12 13 | 13.1
Evocations     | 1 4 5 6 7 |  7.6
Dodging        | 3 |  3.0
Necromancy     | 4 6 |  6.0
Translocations | 3 5 6 |  6.0

Action                   |  1- 3 |  4- 6 |  7- 9 | 10-12 | 13-15 | 16-18 | 19-21 | 22-24 || total
-------------------------+-------+-------+-------+-------+-------+-------+-------+-------++-------
Melee: Short sword       |    69 |       |       |       |       |       |       |       ||    69
       Bite              |    17 |    43 |    80 |   221 |   473 |   537 |   687 |    59 ||  2117
       Flail             |       |   178 |   163 |       |       |       |       |       ||   341
       Unarmed           |       |       |    93 |   666 |  1343 |  1365 |  1429 |   110 ||  5006
       Demon trident     |       |       |       |    15 |       |       |       |       ||    15
Throw: Javelin           |     7 |    18 |    30 |    37 |    25 |     8 |    41 |    28 ||   194
       Tomahawk          |       |    16 |    18 |   101 |    95 |   162 |    12 |       ||   404
       Stone             |       |       |     3 |    33 |    15 |       |       |       ||    51
       Throwing net      |       |       |     1 |     2 |       |     3 |       |       ||     6
Invok: Line Pass         |       |       |     1 |     4 |     1 |       |       |       ||     6
       Stomp             |       |       |     1 |     3 |     1 |     2 |       |     3 ||    10
       Grand Finale      |       |       |       |       |       |       |       |     1 ||     1
Evoke: Wand              |       |       |     7 |    10 |    11 |    21 |     1 |       ||    50
       Lamp of fire      |       |       |       |     1 |     3 |     4 |     1 |       ||     9
       Box of beasts     |       |       |       |       |       |     1 |       |       ||     1
  Use: Scroll            |     3 |     4 |     7 |    10 |    10 |    15 |    10 |       ||    59
       Potion            |       |       |     3 |     6 |       |     4 |     1 |       ||    14
 Stab: Sleeping          |     1 |       |     1 |       |       |       |     1 |       ||     3
       Paralysed         |       |       |     8 |    43 |    92 |   102 |   144 |     5 ||   394
       Held in net/web   |       |       |     1 |       |       |     4 |       |       ||     5
       Distracted        |       |       |     1 |       |       |       |       |       ||     1
  Eat: Chunk             |       |     5 |    11 |    18 |    32 |    25 |    31 |     2 ||   124
       Ration            |       |       |       |     1 |       |     2 |     1 |       ||     4
Armor: Leather armour    |    17 |       |       |       |       |       |       |       ||    17
       Chain mail        |       |   105 |       |   297 |   234 |   405 |   179 |       ||  1220
       Scale mail        |       |    79 |   100 |     2 |       |       |       |       ||   181
       Skin              |       |       |       |    18 |       |       |       |       ||    18
       Plate armour      |       |       |       |       |   229 |    88 |   105 |    47 ||   469
       Storm dragon scal |       |       |       |       |       |   271 |       |       ||   271
Dodge: Dodged            |    51 |   141 |   132 |   213 |   239 |   432 |   260 |    18 ||  1486
Block: Buckler           |       |     2 |    58 |   128 |     5 |       |       |       ||   193
       Shield            |       |       |       |       |   854 |  1206 |   871 |    54 ||  2985
       Reflection        |       |       |       |       |       |    42 |    69 |     6 ||   117
       Rpst.: Unarmed    |       |       |       |       |       |       |    38 |     4 ||    42
